 Dungeon Crawl Stone Soup version 0.24-a0-333-g864f2b5 (webtiles) character file.

Game seed: 14358445775146304651

58050 mhoghedin the Destroyer (level 14, -3/105 HPs)
             Began as a Mummy Wizard on May 17, 2019.
             Was an Initiate of Gozag.
             Slain by a six-headed hydra (14 damage)
             ... on level 1 of the Swamp.
             The game lasted 01:51:40 (25969 turns).

mhoghedin the Destroyer (Mummy Wizard)             Turns: 25969, Time: 01:51:41

Health: -3/105     AC: 14    Str: 11    XL:     14   Next: 48%
Magic:  10/35      EV:  9    Int: 21    God:    Gozag
Gold:   5821       SH:  0    Dex: 14    Spells: 1/29 levels left

rFire    x . .     SeeInvis .   K - staff of wizardry {wiz+, !a}
rCold    + . .     Gourm    .   (no shield)
rNeg     + + +     Faith    .   w - +3 ring mail of Pan-Flutes {rElec rCorr MP+9}
rPois    ∞         Spirit   .   m - +0 hat
rElec    +         Reflect  .   L - +0 cloak
rCorr    +         Harm     .   y - +0 pair of gloves
MR       ++...                  B - +2 pair of boots {Stlth+}
Stlth    ++........             i - amulet of magic regeneration
HPRegen  0.27/turn              H - ring of protection from magic {MR+, !d}
MPRegen  0.49/turn              G - +3 ring of dexterity

@: grasped by roots, gold aura, slightly contaminated, constricted
A: no food or potions, fire vulnerability, cold resistance 1, negative energy
resistance 3, torment resistance, unbreathing, in touch with death 1
a: Potion Petition, Call Merchant, Bribe Branch, Renounce Religion


You were on level 1 of the Swamp.
You worshipped Gozag.
Gozag was greatly pleased with you.
You were not hungry.

You visited 3 branches of the dungeon, and saw 20 of its levels.
You also visited: Sewer and Bailey.

You collected 7068 gold pieces.
You spent 264 gold pieces at shops.
You paid 983 gold pieces to Gozag.

Inventory:

Hand Weapons
 b - a +2 dagger of venom
   (You took it off an orc on level 3 of the Dungeon)
 z - a +2 scimitar of electrocution
   (You found it on level 6 of the Lair of Beasts)
 N - the +7 broad axe "Globulus" {freeze, rPois Dex+4}
   (You found it on level 12 of the Dungeon)

   It has been specially enchanted to freeze those struck by it, causing extra
   injury to most foes and up to half again as much damage against particularly
   susceptible opponents.
   It can also slow down cold-blooded creatures.
   It affects your dexterity (+4).
   It protects you from poison.
 P - a +2 vampiric whip {!w}
   (You found it on level 12 of the Dungeon)
 Q - the +9 battleaxe of Piastr Hihepp {elec, Int+3 Dex+3}
   (You found it on level 1 of the Swamp)

   Occasionally, upon striking a foe, it will discharge some electrical energy
   and cause terrible harm.
   It affects your intelligence (+3).
   It affects your dexterity (+3).
Missiles
 u - 2 throwing nets {=f, !d}
Armour
 m - a +0 hat (worn)
 w - the +3 ring mail of Pan-Flutes (worn) {rElec rCorr MP+9}
   (You found it on level 9 of the Dungeon)

   It insulates you from electricity.
   It affects your magic capacity (+9).
   It provides partial protection from all sources of acid and corrosion.
 y - a +0 pair of gloves (worn)
   (You found it on level 2 of the Lair of Beasts)
 B - a +2 pair of boots of stealth (worn)
   (You bought it in a shop on level 10 of the Dungeon)
 L - a +0 cloak (worn)
   (You took it off Maurice on level 11 of the Dungeon)
Magical Staves
 a - an uncursed staff of power {MP+17, !a}
   (You found it on level 3 of the Dungeon)
 K - an uncursed staff of wizardry (weapon) {wiz+, !a}
   (You found it on level 6 of the Lair of Beasts)
Jewellery
 d - an uncursed ring of protection from cold {rC+, !d}
   (You found it on level 5 of the Lair of Beasts)
 i - an amulet of magic regeneration (around neck)
   (You found it on level 1 of the Dungeon)
 l - a +2 ring of evasion
   (You found it on level 9 of the Dungeon)
 A - an uncursed ring of protection from cold {rC+, !d}
   (You found it on level 5 of the Lair of Beasts)
 G - a +3 ring of dexterity (right hand)
   (You found it on level 5 of the Lair of Beasts)
 H - a ring of protection from magic (left hand) {MR+, !d}
   (You took it off an efreet on level 12 of the Dungeon)
 I - an uncursed ring of stealth {Stlth+}
   (You found it on level 5 of the Lair of Beasts)
Wands
 f - a wand of clouds (5)
   (You found it on level 5 of the Dungeon)
 k - a wand of random effects (18)
   (You took it off Jessica on level 2 of the Dungeon)
 n - a wand of acid (7)
   (You took it off an efreet on level 12 of the Dungeon)
 s - a wand of polymorph (25)
   (You found it on level 7 of the Dungeon)
 t - a wand of enslavement (4)
   (You found it on level 7 of the Dungeon)
 C - a wand of flame (45)
   (You found it on level 2 of the Lair of Beasts)
 F - a wand of paralysis (19)
   (You found it on level 4 of the Lair of Beasts)
 J - a wand of iceblast (19)
   (You found it on level 6 of the Lair of Beasts)
 M - a wand of digging (7)
   (You took it off Maurice on level 11 of the Dungeon)
 O - a wand of disintegration (20)
   (You found it on level 13 of the Dungeon)
Scrolls
 c - 3 scrolls of magic mapping {!r}
 e - 17 scrolls of teleportation
 g - 3 scrolls of enchant armour
 h - 2 scrolls of fog
 j - 11 scrolls of remove curse
 o - 3 scrolls of immolation {!r}
 p - a scroll of enchant weapon
 q - 7 scrolls of amnesia
 r - a scroll of fear
 v - 2 scrolls of blinking {!r}
 x - 3 scrolls of vulnerability {!r!r}
 D - a scroll of silence
 E - a scroll of brand weapon
Miscellaneous
 T - a lamp of fire (inert)
   (You found it on level 12 of the Dungeon)


   Skills:
 - Level 8.0 Fighting
 - Level 3.2 Short Blades
 - Level 1.6 Maces & Flails
 - Level 3.3 Armour
 - Level 4.9 Dodging
 - Level 1.5 Stealth
 - Level 8.2 Spellcasting
 + Level 11.6 Conjurations
 - Level 5.5 Hexes
 - Level 2.7 Charms
 - Level 2.6 Summonings
 - Level 10.1 Necromancy
 - Level 4.6 Translocations
 + Level 7.0 Fire Magic
 - Level 4.4 Air Magic
 - Level 1.9 Poison Magic
 - Level 3.0 Evocations


You had one spell level left.
You knew the following spells:

 Your Spells              Type           Power        Failure   Level  Hunger
a - Magic Dart            Conj           ####         1%          1    N/A
b - Blink                 Tloc           N/A          1%          2    N/A
c - Call Imp              Summ           ###.....     3%          2    N/A
d - Conjure Flame         Conj/Fire      #####...     1%          3    N/A
e - Iskenderun's Mystic   Conj           ######..     1%          4    N/A
f - Shroud of Golubria    Chrm/Tloc      ###.......   2%          2    N/A
g - Vampiric Draining     Necr           ######....   1%          3    N/A
h - Bolt of Fire          Conj/Fire      #####.....   24%         6    N/A
s - Slow                  Hex            ####....     1%          2    N/A
x - Mephitic Cloud        Conj/Pois/Air  ####....     1%          3    N/A

Your spell library contained the following spells:

 Spells                   Type           Power        Failure   Level  Hunger
 Animate Skeleton         Necr           N/A          1%          1    N/A
 Pain                     Necr           ####         1%          1    N/A
 Searing Ray              Conj           ######       1%          2    N/A
 Animate Dead             Necr           N/A          1%          4    N/A
 Lightning Bolt           Conj/Air       #####.....   8%          5    N/A
 Sticks to Snakes         Tmut           #.......     11%         2    N/A
 Beastly Appendage        Tmut           Unusable     N/A         1    N/A
 Regeneration             Chrm/Necr      Unusable     N/A         3    N/A
 Spider Form              Tmut/Pois      Unusable     N/A         3    N/A
 Ice Form                 Ice/Tmut       Unusable     N/A         4    N/A
 Blade Hands              Tmut           Unusable     N/A         5    N/A

Dungeon Overview and Level Annotations

Branches:
Dungeon (13/15)            Temple (0/1) D:6            Lair (6/6) D:10
  Swamp (1/4) Lair:2       Spider (0/4) Lair:3        Slime (0/5) Lair:6
    Orc (0/2) D:10
 Vaults: D:13-14

Altars:
Cheibriados
Gozag
Nemelex Xobeh
Ru
Sif Muna
Uskayaw
Xom
Zin

Shops:
D:10 *

Annotations:
Swamp:1 1 runed translucent door, Jorgrun; Roghewn's ghost, adept FoFi


Innate Abilities, Weirdness & Mutations

You do not eat or drink.
Your flesh is vulnerable to fire.
You are immune to poison.
Your flesh is cold resistant. (rC+)
You are immune to negative energy. (rN+++)
You are immune to unholy pain and torment.
You can survive without breathing.
You are in touch with the powers of death.


Message History

You enter the shallow water.
Moving in this stuff is going to be slow.
Roghewn's ghost turns its malevolent gaze towards you.
J - a wand of iceblast (19) (gained 9 charges)
You enter the shallow water.
Moving in this stuff is going to be slow.
You enter the shallow water.
Moving in this stuff is going to be slow.
A swamp drake comes into view.
The swamp drake roars!
A swamp drake is nearby!
A swamp drake is nearby!
Jorgrun Earthshaker comes into view.
He is wielding a staff of earth.
Aim: a swamp drake The orb of energy hits the swamp drake!!
Jorgrun shouts!
Jorgrun says, "May tha earth consume ye!"
The swamp drake breathes noxious fumes at you.
The noxious blast engulfs you but does no damage.
You now have 46/50 mp.
Aim: a swamp drake (severely wounded, catching its breath)
The orb of energy hits the swamp drake!
You kill the swamp drake!
You now have 43/50 mp.
A six-headed hydra comes into view.
Aim: Jorgrun, wielding a staff of earth and wearing a +1 robe The orb of energy hits Jorgrun!
The orb of energy explodes!
The six-headed hydra roars!
You now have 40/50 mp.
Aim: Jorgrun, wielding a staff of earth and wearing a +1 robe (lightly wounded)
The orb of energy hits Jorgrun!!
You now have 36/50 mp.
Aim: Jorgrun, wielding a staff of earth and wearing a +1 robe (moderately wounded)
The orb of energy hits Jorgrun!
Jorgrun becomes distracted by the nearby gold, dreaming of imaginary riches.
You now have 33/50 mp.
Aim: Jorgrun, wielding a staff of earth and wearing a +1 robe (heavily wounded, hasn't noticed you)
The orb of energy hits Jorgrun!
Jorgrun is no longer distracted by gold.
The orb of energy explodes!
Jorgrun hits you with an uncursed staff of earth!
Jorgrun crushes you!
You take 15 damage, and have 90/105 hp.
You now have 30/50 mp.
Aim: Jorgrun, wielding a staff of earth and wearing a +1 robe (heavily wounded)
The orb of energy misses Jorgrun.
The orb of energy hits the six-headed hydra!
Jorgrun hits you but does no damage.
You now have 26/50 mp.
Okay, then.
Unknown command.
Wield which item (- for none, * to show all)? (? for menu, Esc to quit)
You feel your magic capacity decrease.
K - an uncursed staff of wizardry (weapon)
{wiz+, !a}
Okay, then.
Unknown command.
The spell is very dangerous to cast (24% risk of failure)!
Continue anyway?
Aim: Jorgrun, wielding a staff of earth and wearing a +1 robe (heavily wounded)
The bolt of fire hits Jorgrun!!
The bolt of fire hits the six-headed hydra!!
Jorgrun is engulfed in a cloud of scalding steam.
Jorgrun gestures at you while chanting. You resist with almost no effort.
You now have 21/35 mp.
Jorgrun is engulfed in a cloud of scalding steam.
The six-headed hydra bites you!
The six-headed hydra closely misses you.
The six-headed hydra barely misses you.
The six-headed hydra bites you but does no damage.
The six-headed hydra bites you.
The six-headed hydra bites you but does no damage.
You take 12 damage, and have 78/105 hp.
The spell is very dangerous to cast (24% risk of failure)!
Continue anyway?
Aim: Jorgrun, wielding a staff of earth and wearing a +1 robe (severely wounded)
You miscast Bolt of Fire.
You are very lightly contaminated with residual magic.
You are blasted with magical energy!
The six-headed hydra bites you but does no damage. x2
The six-headed hydra barely misses you. The six-headed hydra bites you!
The six-headed hydra bites you but does no damage.
The six-headed hydra bites you.
You take 39 damage, and have 39/105 hp.
MASSIVE DAMAGE!!
You now have 16/35 mp.
The spell is very dangerous to cast (24% risk of failure)!
Continue anyway?
Aim: Jorgrun, wielding a staff of earth and wearing a +1 robe (severely wounded)
You miscast Bolt of Fire.
You are lightly contaminated with residual magic.
Your bandages flutter.
Jorgrun points at you and mumbles some strange words.
Roots burst forth from the earth!
The grasping roots grab you!
* * * LOW HITPOINT WARNING * * *
The grasping roots constrict you!! The six-headed hydra bites you.
* * * LOW HITPOINT WARNING * * *
The six-headed hydra bites you but does no damage. x2
The six-headed hydra bites you!
* * * LOW HITPOINT WARNING * * *
The six-headed hydra bites you!
You die...
Your body crumbles into a pile of gold.

.♣≈..≈≈≈...≈.♣≈..≈≈≈≈≈
......≈♣♣.≈≈≈≈^....≈≈≈≈≈≈
....♣♣♣ ♣.≈≈≈≈≈..§....≈≈% ...♣♣
♣♣...≈≈≈..≈....≈≈≈ ≈≈.≈♣♣
♣≈≈≈.≈≈≈..≈≈.≈≈≈≈.
≈≈≈..####.....≈≈....≈≈...
≈≈≈≈≈#P=#.≈..≈≈≈≈≈≈......
≈≈≈≈≈#8W+.≈....§§≈≈≈...≈≈
≈≈≈≈≈#P%#.≈.♣♣♣≈@Dg$.....
≈≈≈≈≈####..♣♣♣♣♣♣♣.♣♣♣♣♣≈
≈..≈≈≈≈..≈.♣≈♣ ♣♣ ≈..≈≈≈≈..≈≈.)≈
.♣♣.≈≈≈......♣ .≈≈≈%≈≈≈..♣..♣
.≈≈≈.≈≈≈.≈....) ♣♣♣♣...≈≈≈
♣.....≈≈≈>...≈≈♣♣♣≈≈♣...≈≈≈≈..
♣♣♣≈.....≈....≈≈≈.≈≈...≈≈≈≈.§≈≈.


You could see Jorgrun and a six-headed hydra.

Vanquished Creatures
  Rupert (Lair:5)
  Frances (D:12)
  Kirke (D:13)
  Snorg (Lair:6)
  Erolcha (D:13)
  7 hydras
  2 two-headed ogres (D:12)
  A death knight (D:12)
  3 centaur warriors (D:12)
  2 catoblepae (Lair:6)
  A deep troll shaman (Lair:6)
  4 death yaks (Lair:6)
  4 unseen horrors (D:12)
  A lindwurm (Lair:6)
  An oklob plant (Lair:2)
  2 deep elf magi
  A cyclops (D:12)
  2 ugly things
  2 manticores (D:12)
  A wolf spider (shapeshifter) (D:12)
  Maurice (D:11)
  8 elephants
  2 black mambas (Lair:6)
  A torpor snail (Lair:6)
  2 gargoyles
  A centaur skeleton (D:12)
  9 spiny frogs
  2 rime drakes
  An efreet (D:12)
  6 komodo dragons
  A yaktaur (D:12)
  4 trolls
  3 meliai (D:13)
  4 hornets
  3 polar bears (Lair:6)
  7 dream sheep
  2 slime creatures
  3 bog bodies (Lair:2)
  A meliai zombie (D:12)
  8 blink frogs
  9 hippogriffs
  A shadow (D:12)
  A wraith (D:11)
  A vampire (D:11)
  A hungry ghost (D:12)
  14 yaks
  5 vampire mosquitoes
  4 wyverns
  Grum (D:11)
  2 basilisks
  4 swamp worms
  Edmund (D:5)
  5 porcupines
  6 water moccasins
  11 orc warriors
  Purgy (Sewer)
  A black bear (Lair:4)
  2 swamp drakes (Swamp:1)
  An ice beast (D:10)
  5 sky beasts
  3 necrophages
  13 wolves
  4 ogres
  3 phantoms
  2 centaurs
  2 eyes of draining (D:12)
  13 crocodiles
  3 big kobolds
  19 bullfrogs
  A gnoll sergeant (D:8)
  7 scorpions
  4 wights
  An electric eel (Lair:2)
  A howler monkey (D:3)
  4 crimson imps
  2 bullfrog zombies
  8 jellies
  7 hounds
  10 orc wizards
  A quasit (D:11)
  9 orc priests
  3 bullfrog skeletons
  7 iguanas
  10 worker ants
  2 killer bee zombies
  A hound zombie (D:7)
  3 hound skeletons
  A mummy (D:7)
  2 worker ant zombies
  13 gnolls
  9 adders
  2 river rats (D:6)
  3 shadow imps
  2 oozes
  2 worms
  A dart slug (D:1)
  4 leopard geckos
  60 orcs
  13 bats
  8 giant cockroaches
  17 goblins
  9 hobgoblins
  4 jackals (D:3)
  9 quokkas
  4 ball pythons
  3 frilled lizards (D:3)
  16 kobolds
  4 rats
  3 fungi (Lair:6)
516 creatures vanquished.

Vanquished Creatures (collateral kills)
  A two-headed ogre (D:8)
  Sigmund (D:5)
  A yak (Lair:4)
  4 orc warriors
  An ogre (D:6)
  A bullfrog (D:6)
  A scorpion (D:3)
  An orc priest (D:4)
  Jessica (D:2)
  Terence (D:2)
  An iguana (D:5)
  A hound zombie (D:7)
  A worker ant zombie (D:6)
  5 gnolls (Bailey)
  2 adders
  3 worms
  A dart slug (D:3)
  A leopard gecko (D:4)
  14 orcs
  2 bats
  A giant cockroach (D:6)
  5 goblins
  3 hobgoblins
  2 jackals (D:3)
  A quokka (D:4)
  2 frilled lizards
  A kobold (D:2)
  A rat (D:3)
60 creatures vanquished.

Vanquished Creatures (others)
  2 humans (D:13)
  22 fungi
  5 plants
29 creatures vanquished.

Grand Total: 605 creatures vanquished

Notes
Turn   | Place    | Note
-------+----------+-------------------------------------------
     0 | D:1      | mhoghedin the Mummy Wizard began the quest for the Orb.
     0 | D:1      | Reached XP level 1. HP: 13/13 MP: 5/5
   154 | D:1      | Reached skill level 1 in Fighting
   257 | D:1      | Reached XP level 2. HP: 22/22 MP: 2/7
   319 | D:1      | Learned a level 2 spell: Blink
   322 | D:1      | Learned a level 2 spell: Call Imp
   376 | D:1      | Reached skill level 2 in Fighting
   381 | D:1      | Learned a level 2 spell: Slow
  1176 | D:2      | Reached XP level 3. HP: 27/27 MP: 6/9
  1261 | D:2      | Learned a level 3 spell: Conjure Flame
  1364 | D:2      | Found a snail-covered altar of Cheibriados.
  1526 | D:2      | Noticed Terence
  1539 | D:2      | Killed Terence
  1539 | D:2      | Reached skill level 5 in Spellcasting
  1592 | D:2      | Noticed Jessica
  1666 | D:2      | Killed Jessica
  1666 | D:2      | Reached XP level 4. HP: 25/33 MP: 4/11
  1747 | D:2      | Learned a level 3 spell: Mephitic Cloud
  2221 | D:3      | Reached skill level 6 in Spellcasting
  2411 | D:3      | Reached skill level 1 in Conjurations
  2411 | D:3      | Reached XP level 5. HP: 30/38 MP: 9/13
  2425 | D:3      | Found an opulent altar of Gozag.
  2452 | D:3      | Became a worshipper of Gozag Ym Sagoz the Greedy
  2561 | D:3      | Reached skill level 1 in Air Magic
  2623 | D:3      | Reached skill level 1 in Fire Magic
  3034 | D:3      | Reached skill level 1 in Summonings
  3439 | D:4      | Noticed an ogre
  3562 | D:4      | Killed an ogre
  3562 | D:4      | Reached skill level 2 in Summonings
  3562 | D:4      | Reached XP level 6. HP: 20/44 MP: 12/15
  3758 | D:4      | Reached skill level 2 in Conjurations
  3982 | D:4      | Found a sacrificial altar of Ru.
  4210 | D:4      | Reached skill level 3 in Conjurations
  4370 | D:4      | Found a glowing silver altar of Zin.
  4434 | D:5      | Entered Level 5 of the Dungeon
  4542 | D:5      | Reached XP level 7. HP: 50/50 MP: 16/16
  4672 | D:5      | Reached skill level 4 in Conjurations
  4683 | D:5      | Noticed Sigmund
  4705 | D:5      | Killed Sigmund
  4891 | D:5      | Reached skill level 5 in Conjurations
  5018 | D:5      | Noticed Edmund
  5042 | D:5      | Killed Edmund
  5583 | D:6      | Reached XP level 8. HP: 56/56 MP: 17/17
  5698 | D:6      | Reached skill level 3 in Fighting
  5753 | D:6      | Reached skill level 1 in Hexes
  5789 | D:6      | Found a staircase to the Ecumenical Temple.
  5845 | D:6      | Reached skill level 2 in Hexes
  5914 | D:6      | Found a glowing drain.
  5957 | Sewer    | Entered a sewer
  5989 | Sewer    | Noticed Purgy
  6002 | Sewer    | Killed Purgy
  6136 | D:6      | Reached skill level 1 in Short Blades
  6136 | D:6      | Reached skill level 2 in Dodging
  6191 | D:6      | Noticed a troll
  6548 | D:6      | Reached skill level 1 in Translocations
  6586 | D:6      | Reached skill level 2 in Translocations
  6744 | D:6      | Killed a troll
  6744 | D:6      | Reached skill level 3 in Translocations
  6744 | D:6      | Reached XP level 9. HP: 65/65 MP: 11/18
  6815 | D:7      | Reached skill level 3 in Hexes
  6909 | D:7      | Found a deep blue altar of Sif Muna.
  6957 | D:7      | Reached skill level 4 in Hexes
  7140 | D:7      | Reached skill level 5 in Hexes
  7227 | D:7      | Reached skill level 4 in Fighting
  7530 | D:7      | Reached skill level 6 in Conjurations
  7674 | D:7      | Noticed a +0 dagger
  7675 | D:7      | Found a hide-covered altar of Uskayaw.
  7675 | D:7      | Noticed a +0 dagger
  7839 | D:6      | Reached skill level 2 in Air Magic
  7839 | D:6      | Reached skill level 1 in Poison Magic
  7953 | D:7      | Reached skill level 2 in Short Blades
  8143 | D:7      | Reached skill level 3 in Dodging
  8604 | D:8      | Found a sparkling altar of Nemelex Xobeh.
  8838 | D:8      | Noticed a two-headed ogre
  8855 | D:8      | Killed a two-headed ogre
  8855 | D:8      | Reached skill level 5 in Fighting
  8855 | D:8      | Reached skill level 3 in Short Blades
  8855 | D:8      | Reached XP level 10. HP: 74/74 MP: 9/19
  9362 | D:9      | Got a fine ring mail
  9363 | D:9      | Identified the +3 ring mail of Pan-Flutes {rElec rCorr
                  | MP+9} (You found it on level 9 of the Dungeon)
  9462 | D:9      | Found a flagged portal.
  9478 | Bailey   | Entered a bailey
  9501 | Bailey   | Reached skill level 1 in Armour
 10273 | Bailey   | Reached skill level 4 in Dodging
 10435 | Bailey   | Reached skill level 2 in Armour
 10484 | Bailey   | Noticed an orc knight
 10487 | Bailey   | Noticed an orc warlord
 11421 | D:10     | Entered Level 10 of the Dungeon
 11510 | D:10     | Found a shimmering altar of Xom.
 11619 | D:10     | Reached skill level 6 in Fighting
 11646 | D:10     | Found a staircase to the Lair.
 11684 | D:10     | Found a staircase to the Orcish Mines.
 12132 | D:10     | Bought a +1 pair of boots of stealth for 264 gold pieces
 12139 | D:10     | Identified a scroll of acquirement
 12139 | D:10     | Identified Sif Muna's Disquisition on Assistive Attacks
                  | (You acquired it on level 10 of the Dungeon)
 12150 | D:10     | Learned a level 4 spell: Iskenderun's Mystic Blast
 12192 | Lair:1   | Entered Level 1 of the Lair of Beasts
 12992 | Lair:2   | Noticed a six-headed hydra
 13002 | Lair:2   | Killed a six-headed hydra
 13002 | Lair:2   | Reached skill level 7 in Conjurations
 13029 | Lair:2   | Noticed a spiny frog
 13035 | Lair:2   | Noticed a seven-headed hydra
 13092 | Lair:2   | Noticed a spiny frog
 13148 | Lair:2   | Killed a spiny frog
 13216 | Lair:2   | Noticed a spiny frog
 13248 | Lair:2   | Killed a spiny frog
 13248 | Lair:2   | Reached XP level 11. HP: 63/81 MP: 16/20
 13317 | Lair:2   | Killed a seven-headed hydra
 13317 | Lair:2   | Reached skill level 8 in Conjurations
 13388 | Lair:2   | Found a dark tunnel.
 13452 | Lair:2   | Noticed a six-headed hydra
 13473 | Lair:2   | Killed a six-headed hydra
 13563 | Lair:2   | Reached skill level 9 in Conjurations
 13751 | Lair:2   | Noticed an oklob plant
 13896 | Lair:2   | Killed an oklob plant
 14213 | Lair:2   | Found a staircase to the Swamp.
 14394 | Lair:2   | Learned a level 2 spell: Shroud of Golubria
 14415 | Lair:3   | Found the +7 Kryia's mail coat {PotionHeal*2 rC+}
 14504 | Lair:3   | Reached skill level 1 in Charms
 14547 | Lair:3   | Reached skill level 4 in Translocations
 14651 | Lair:3   | Reached skill level 2 in Charms
 14734 | Lair:3   | Found a hole to the Spider Nest.
 15330 | Lair:4   | Reached skill level 7 in Fighting
 15537 | Lair:4   | Reached XP level 12. HP: 92/92 MP: 18/21
 15544 | Lair:4   | Reached skill level 3 in Armour
 15975 | Lair:4   | Reached skill level 8 in Fighting
 16236 | Lair:5   | Reached skill level 10 in Conjurations
 16419 | Lair:5   | Noticed Rupert
 16690 | Lair:5   | Learned a level 3 spell: Vampiric Draining
 16879 | Lair:5   | Reached skill level 1 in Necromancy
 16899 | Lair:5   | Reached skill level 2 in Necromancy
 17120 | Lair:5   | Reached skill level 3 in Necromancy
 17400 | Lair:5   | Paralysed by Rupert for 4 turns
 17428 | Lair:5   | Killed Rupert
 17428 | Lair:5   | Reached skill level 5 in Necromancy
 17605 | Lair:6   | Entered Level 6 of the Lair of Beasts
 17609 | Lair:6   | Reached skill level 6 in Necromancy
 17763 | Lair:6   | Reached skill level 7 in Necromancy
 17804 | Lair:6   | Noticed a catoblepas
 17824 | Lair:6   | Killed a catoblepas
 17946 | Lair:6   | Noticed Snorg
 17967 | Lair:6   | Killed Snorg
 17967 | Lair:6   | Reached skill level 8 in Necromancy
 18401 | Lair:6   | Noticed a six-headed hydra
 18425 | Lair:6   | Killed a six-headed hydra
 18425 | Lair:6   | Reached skill level 9 in Necromancy
 18516 | Lair:6   | Gained mutation: You are in touch with the powers of death.
                  | [Mummy growth]
 18516 | Lair:6   | Reached XP level 13. HP: 96/98 MP: 22/22
 18979 | Lair:6   | Reached skill level 10 in Necromancy
 18989 | Lair:6   | Reached skill level 3 in Air Magic
 19199 | Lair:6   | Reached skill level 4 in Air Magic
 19461 | Lair:6   | Reached skill level 7 in Spellcasting
 19917 | Lair:6   | Reached skill level 8 in Spellcasting
 20003 | Lair:6   | Found a staircase to the Slime Pits.
 20405 | D:10     | Learned a level 6 spell: Bolt of Fire
 20440 | D:11     | Reached skill level 2 in Fire Magic
 20550 | D:11     | Noticed Maurice
 20556 | D:11     | Noticed Grum
 20576 | D:11     | Killed Grum
 20588 | D:11     | Killed Maurice
 20729 | D:11     | Reached skill level 3 in Fire Magic
 21717 | D:12     | Reached skill level 4 in Fire Magic
 21769 | D:12     | Got a fine broad axe
 21908 | D:12     | Noticed Frances
 22358 | D:13     | Identified the +7 broad axe "Globulus" {freeze, rPois
                  | Dex+4} (You found it on level 12 of the Dungeon)
 22584 | D:13     | Reached skill level 1 in Evocations
 22606 | D:13     | Noticed Kirke
 22628 | D:13     | Killed Kirke
 22628 | D:13     | Reached skill level 2 in Evocations
 22637 | D:13     | HP: 24/98 [deep elf mage/bolt of fire (28)]
 22776 | D:13     | Noticed Erolcha
 22817 | D:13     | Killed Erolcha
 22817 | D:13     | Reached skill level 3 in Evocations
 23123 | D:12     | Got a brightly glowing robe
 23164 | D:12     | Reached skill level 5 in Fire Magic
 23299 | D:12     | Reached XP level 14. HP: 72/105 MP: 18/26
 23572 | D:12     | Identified the +2 robe "Xoegapn" {Str+7} (You found it on
                  | level 12 of the Dungeon)
 23704 | D:12     | HP: 21/105 [vampire mosquito (10)]
 23958 | D:12     | Reached skill level 11 in Conjurations
 24357 | D:12     | Reached skill level 6 in Fire Magic
 24371 | D:12     | Killed Frances
 25449 | Swamp:1  | Entered Level 1 of the Swamp
 25501 | Swamp:1  | Reached skill level 1 in Maces & Flails
 25581 | Swamp:1  | Got a faintly glowing battleaxe
 25582 | Swamp:1  | Identified the +9 battleaxe of Piastr Hihepp {elec, Int+3
                  | Dex+3} (You found it on level 1 of the Swamp)
 25876 | Swamp:1  | Reached skill level 7 in Fire Magic
 25940 | Swamp:1  | Found a runed translucent door.
 25943 | Swamp:1  | Noticed Roghewn's ghost (adept FoFi)
 25956 | Swamp:1  | Noticed Jorgrun
 25969 | Swamp:1  | HP: 20/105 [Jorgrun/uncursed staff of earth (19)]
 25969 | Swamp:1  | Slain by a six-headed hydra

Levels and vault maps discovered:
D:1:      lemuel_arrival_rhombus, layout_basic
D:2:      layout_basic, overflow_temple_1_default, first_ration, uniq_jessica,
          uniq_terence
D:3:      layout_loops_ring, grunt_gozag_breadcrumbs
D:4:      layout_cave_pools, kennysheep_mini_moat,
          nicolae_overflow_crystal_walls
D:5:      layout_basic, uniq_edmund, uniq_sigmund
D:6:      cheibrodos_barr_body, layout_rooms, minmay_temple_entry_stoned_glass,
          portal_sewer_entry_b, hex_large, minivault_25
D:7:      layout_cave_pods, dancing_weapons_uskayaw, lemuel_doored_altar,
          serial_undead, serial_undead_d, serial_undead_d, serial_undead_c,
          serial_undead_f, kennysheep_minor_cross
D:8:      layout_gridville, basic_altar
D:9:      layout_roguey, enter_bailey_2
D:10:     layout_irregular_city, lair_entry_dummy, orc_0_dummy, basic_altar
D:11:     layout_stronghold, gauntlet_entry_generic, uniq_grum, uniq_maurice
D:12:     minmay_the_grid_square_5x5_5x5 [minmay_the_grid_square_5x5_shuriken,
          minmay_the_grid_square_5x5_shrine2,
          minmay_the_grid_square_5x5_n_small,
          minmay_the_grid_square_5x5_percent, minmay_the_grid_square_5x5_six,
          minmay_the_grid_square_5x5_longway,
          minmay_the_grid_square_5x5_prize_snowflake,
          minmay_the_grid_square_5x5_half_checkered,
          minmay_the_grid_square_5x5_prize_gold,
          minmay_the_grid_square_5x5_checkered,
          minmay_the_grid_square_5x5_inner_i,
          minmay_the_grid_square_5x5_gyroscope,
          minmay_the_grid_square_5x5_prize_junk,
          minmay_the_grid_square_5x5_pentomino_r,
          minmay_the_grid_square_5x5_slash,
          minmay_the_grid_square_5x5_misaligned,
          minmay_the_grid_square_5x5_prize_rear_guard,
          minmay_the_grid_square_5x5_one_wall,
          minmay_the_grid_square_5x5_prize_open,
          minmay_the_grid_square_5x5_spiral_small,
          minmay_the_grid_square_5x5_forky, minmay_the_grid_square_5x5_n,
          minmay_the_grid_square_5x5_moneybag,
          minmay_the_grid_square_5x5_beaten_path,
          minmay_the_grid_square_5x5_eight], layout_irregular_city, uniq_frances
D:13:     layout_basic, uniq_kirke, uniq_erolcha
Lair:1:   layout_long_grid
Lair:2:   layout_gridlike, nicolae_swamp_entry_splash_gauntlet, enter_volcano_2
Lair:3:   layout_layer_cave, spider_nest_entry_a, minmay_holes
Lair:4:   layout_cave_shapes
Lair:5:   layout_small_grid, uniq_rupert
Lair:6:   grunt_lair_end_beastmaster, layout_regular_city,
          nicolae_slime_entry_slimehenge, uniq_snorg
Swamp:1:  layout_basic_swamp, gammafunk_ghost_grave,
          evilmike_swamp_ruin_house_6, uniq_jorgrun

Skill      XL: |  1  2  3  4  5  6  7  8  9 10 11 12 13 14 |
---------------+-------------------------------------------+-----
Fighting       | 1 2 3 5 6 7 8 |  8.0
Spellcasting   | 5 6 8 |  8.2
Conjurations   | 1 3 5 6 7 9 10 11 | 11.6
Air Magic      | 1 2 4 |  4.4
Fire Magic     | 1 5 7 |  7.0
Summonings     | 2 |  2.6
Hexes          | 2 5 |  5.5
Short Blades   | 1 3 |  3.2
Dodging        | 2 3 4 |  4.9
Translocations | 3 4 |  4.6
Poison Magic   | 1 |  1.9
Armour         | 2 3 |  3.3
Charms         | 2 |  2.7
Necromancy     | 9 10 | 10.1
Evocations     | 3 |  3.0
Maces & Flails | 1 |  1.6
Stealth        | |  1.5

Action                   |  1- 3 |  4- 6 |  7- 9 | 10-12 | 13-15 || total
-------------------------+-------+-------+-------+-------+-------++-------
Melee: Club              |     9 |       |       |       |       ||     9
       Dagger            |    39 |   116 |       |    65 |    29 ||   249
       Staff             |       |       |     1 |     1 |     5 ||     7
       Broad axe         |       |       |       |       |    17 ||    17
       Whip              |       |       |       |       |     6 ||     6
       Battleaxe         |       |       |       |       |     1 ||     1
 Cast: Magic Dart        |    48 |    15 |   467 |   296 |       ||   826
       Call Imp          |    18 |    39 |    38 |    59 |       ||   154
       Slow              |       |     4 |    23 |    61 |    25 ||   113
       Mephitic Cloud    |       |     8 |    40 |    47 |    25 ||   120
       Conjure Flame     |       |     1 |    14 |    19 |    11 ||    45
       Blink             |       |       |     5 |    17 |    13 ||    35
       Iskenderun's Myst |       |       |       |   274 |   344 ||   618
       Shroud of Golubri |       |       |       |     3 |     5 ||     8
       Vampiric Draining |       |       |       |    20 |   112 ||   132
       Bolt of Fire      |       |       |       |       |     1 ||     1
Invok: Call Merchant     |       |       |       |     1 |       ||     1
       Potion Petition   |       |       |       |       |     2 ||     2
Evoke: Wand              |       |     7 |     3 |     7 |    25 ||    42
       Lamp of fire      |       |       |       |       |     1 ||     1
  Use: Scroll            |     4 |     2 |     4 |    15 |     7 ||    32
 Stab: Sleeping          |       |     2 |       |       |       ||     2
       Distracted        |       |     2 |       |     2 |     2 ||     6
       Confused          |       |     2 |       |     4 |     4 ||    10
Armor: Robe              |    17 |    25 |    31 |     1 |       ||    74
       Ring mail         |       |       |       |    70 |   156 ||   226
Dodge: Dodged            |    48 |    85 |   103 |   161 |   229 ||   626

Table legend:
 A = Non-vault XP
 B = Vault XP
 C = Vault XP percentage of total XP
 D = Non-vault monster count
 E = Vault monster count
 F = Vault count percentage of total count
                 A         B        C        D         E       F
            +---------+---------+-------+---------+---------+-------
      Total |   44033 |   38896 |  46.9 |     389 |     184 |  32.1
            +---------+---------+-------+---------+---------+-------
        D:1 |      32 |       0 |   0.0 |      17 |       0 |   0.0
        D:2 |      33 |      37 |  52.9 |      16 |       2 |  11.1
        D:3 |     268 |       0 |   0.0 |      37 |       0 |   0.0
        D:4 |     324 |       0 |   0.0 |      16 |       0 |   0.0
        D:5 |     451 |     223 |  33.1 |      24 |       2 |   7.7
        D:6 |     815 |     716 |  46.8 |      20 |      18 |  47.4
        D:7 |    1779 |     199 |  10.1 |      31 |       7 |  18.4
        D:8 |    1061 |       0 |   0.0 |      18 |       0 |   0.0
        D:9 |     781 |      91 |  10.4 |      17 |       2 |  10.5
       D:10 |     572 |       0 |   0.0 |      10 |       0 |   0.0
       D:11 |    2157 |    1498 |  41.0 |      31 |       7 |  18.4
       D:12 |    4907 |   18732 |  79.2 |      28 |      48 |  63.2
       D:13 |    3147 |    1827 |  36.7 |      16 |       2 |  11.1
     Lair:1 |     512 |       0 |   0.0 |       3 |       0 |   0.0
     Lair:2 |    6259 |    1138 |  15.4 |      17 |       6 |  26.1
     Lair:3 |    1977 |       0 |   0.0 |      11 |       0 |   0.0
     Lair:4 |    5222 |       0 |   0.0 |      26 |       0 |   0.0
     Lair:5 |    3535 |    2721 |  43.5 |      15 |       1 |   6.2
     Lair:6 |    8554 |   10438 |  55.0 |      28 |      25 |  47.2
    Swamp:1 |    1647 |       0 |   0.0 |       8 |       0 |   0.0
      Sewer |       0 |     141 | 100.0 |       0 |       6 | 100.0
     Bailey |       0 |    1135 | 100.0 |       0 |      58 | 100.0
            +---------+---------+-------+---------+---------+-------

Levels and vault maps discovered:
D:1:      lemuel_arrival_rhombus, layout_basic
D:2:      layout_basic, overflow_temple_1_default, first_ration, uniq_jessica,
          uniq_terence
D:3:      layout_loops_ring, grunt_gozag_breadcrumbs
D:4:      layout_cave_pools, kennysheep_mini_moat,
          nicolae_overflow_crystal_walls
D:5:      layout_basic, uniq_edmund, uniq_sigmund
D:6:      cheibrodos_barr_body, layout_rooms, minmay_temple_entry_stoned_glass,
          portal_sewer_entry_b, hex_large, minivault_25
D:7:      layout_cave_pods, dancing_weapons_uskayaw, lemuel_doored_altar,
          serial_undead, serial_undead_d, serial_undead_d, serial_undead_c,
          serial_undead_f, kennysheep_minor_cross
D:8:      layout_gridville, basic_altar
D:9:      layout_roguey, enter_bailey_2
D:10:     layout_irregular_city, lair_entry_dummy, orc_0_dummy, basic_altar
D:11:     layout_stronghold, gauntlet_entry_generic, uniq_grum, uniq_maurice
D:12:     minmay_the_grid_square_5x5_5x5 [minmay_the_grid_square_5x5_shuriken,
          minmay_the_grid_square_5x5_shrine2,
          minmay_the_grid_square_5x5_n_small,
          minmay_the_grid_square_5x5_percent, minmay_the_grid_square_5x5_six,
          minmay_the_grid_square_5x5_longway,
          minmay_the_grid_square_5x5_prize_snowflake,
          minmay_the_grid_square_5x5_half_checkered,
          minmay_the_grid_square_5x5_prize_gold,
          minmay_the_grid_square_5x5_checkered,
          minmay_the_grid_square_5x5_inner_i,
          minmay_the_grid_square_5x5_gyroscope,
          minmay_the_grid_square_5x5_prize_junk,
          minmay_the_grid_square_5x5_pentomino_r,
          minmay_the_grid_square_5x5_slash,
          minmay_the_grid_square_5x5_misaligned,
          minmay_the_grid_square_5x5_prize_rear_guard,
          minmay_the_grid_square_5x5_one_wall,
          minmay_the_grid_square_5x5_prize_open,
          minmay_the_grid_square_5x5_spiral_small,
          minmay_the_grid_square_5x5_forky, minmay_the_grid_square_5x5_n,
          minmay_the_grid_square_5x5_moneybag,
          minmay_the_grid_square_5x5_beaten_path,
          minmay_the_grid_square_5x5_eight], layout_irregular_city, uniq_frances
D:13:     layout_basic, uniq_kirke, uniq_erolcha
Lair:1:   layout_long_grid
Lair:2:   layout_gridlike, nicolae_swamp_entry_splash_gauntlet, enter_volcano_2
Lair:3:   layout_layer_cave, spider_nest_entry_a, minmay_holes
Lair:4:   layout_cave_shapes
Lair:5:   layout_small_grid, uniq_rupert
Lair:6:   grunt_lair_end_beastmaster, layout_regular_city,
          nicolae_slime_entry_slimehenge, uniq_snorg
Swamp:1:  layout_basic_swamp, gammafunk_ghost_grave,
          evilmike_swamp_ruin_house_6, uniq_jorgrun

Table legend:
 A = Turns spent in this place as a percentage of turns spent in the entire game.
 B = Non-inter-level travel turns spent in this place as a percentage of non-inter-level travel turns spent in the entire game.
 C = Inter-level travel turns spent in this place as a percentage of turns spent in this place.
 D = Turns resting spent in this place as a percentage of non-inter-level travel turns spent in this place.
 E = Turns spent auto-exploring this place as a percentage of non-inter-level travel turns spent in this place.
 F = Non-inter-level travel turns spent in this place divided by the number of levels of this place that you've seen.
                   A       B       C       D       E      F
               +-------+-------+-------+-------+-------+----------------------
         Total | 100.0 | 100.0 |   4.1 |  29.4 |  42.9 | 1131.5
       Dungeon |  61.1 |  60.9 |   4.5 |  30.2 |  45.0 | 1166.6
          Lair |  32.3 |  32.3 |   4.3 |  28.8 |  45.3 | 1338.0
         Swamp |   2.0 |   2.1 |   0.0 |  60.2 |  23.7 | 520.0
         Sewer |   0.4 |   0.4 |   0.0 |   0.0 |  63.0 |  92.0
        Bailey |   4.2 |   4.4 |   0.0 |  10.6 |   1.8 | 1087.0
               +-------+-------+-------+-------+-------+----------------------

Table legend:
 A = Kills in this place as a percentage of kills in entire the game.
 B = Kills by you in this place as a percentage of kills by you in the entire game.
 C = Kills by friends in this place as a percentage of kills by friends in the entire game.
 D = Other kills in this place as a percentage of other kills in the entire game.
 E = Experience gained in this place as a percentage of experience gained in the entire game.
 F = Experience gained in this place divided by the number of levels of this place that you have seen.
                   A       B       C       D       E      F
               +-------+-------+-------+-------+-------+----------------------
         Total | 100.0 | 100.0 | 100.0 | 100.0 | 100.0 | 3769.5
       Dungeon |  64.4 |  63.1 |  71.7 |  78.6 |  47.8 | 3050.0
          Lair |  23.0 |  25.9 |   1.7 |  14.3 |  48.7 | 6726.0
         Swamp |   1.4 |   1.6 |   0.0 |   0.0 |   2.0 | 1647.0
         Sewer |   1.0 |   1.2 |   0.0 |   0.0 |   0.2 | 141.0
        Bailey |  10.1 |   8.2 |  26.7 |   7.1 |   1.4 | 1135.0
               +-------+-------+-------+-------+-------+----------------------
